 Dungeon Crawl Stone Soup version 0.30.0-17-ge0270778cf (webtiles) character file.

Game seed: 14037783258560921361

2319 zazu2006 the Nimble (level 9, -10/68 HPs)
             Began as a Gnoll Wanderer on May 21, 2023.
             Mangled by Joseph
             ... wielding a +3 quarterstaff
              (13 damage)
             ... on level 7 of the Dungeon.
             The game lasted 00:15:56 (6329 turns).

zazu2006 the Nimble (Gnoll Wanderer)                Turns: 6329, Time: 00:15:56

Health: -10/68     AC: 12    Str: 16    XL:     9   Next: 41%
Magic:  15/15      EV: 13    Int: 13    God:
Gold:   595        SH:  5    Dex: 13    Spells: 16/16 levels left

rFire   . . .        l - +6 short sword of the Puffball {vamp, Str+3}
rCold   . . .        n - +0 buckler
rNeg    + . .        d - +2 ring mail {rN+}
rPois   +            s - +0 helmet
rElec   .            o - +0 cloak
rCorr   .            c - +0 pair of gloves
SInv    +            (no boots)
Will    .....        (no amulet)
Stlth   ++           m - ring of see invisible
HPRegen 0.31/turn    q - ring of poison resistance
MPRegen 0.14/turn

%: no passive effects
@: mighty
A: fangs 1, strong nose, distributed training
a: no special abilities


You were on level 7 of the Dungeon.
You visited 1 branch of the dungeon, and saw 7 of its levels.
You also visited: Ossuary.

You collected 595 gold pieces.

Inventory:

Hand Weapons
 l - the +6 short sword of the Puffball (weapon) {vamp, Str+3}
   (You took it off a gnoll on level 3 of the Dungeon)

   Str:       It affects your strength (+3).
 p - a +5 flail of freezing
 r - the +1 trident of the Maze {venom, rElec rC+ Dex-4}
   (You took it off a kobold on level 2 of the Dungeon)

   Dex:       It affects your dexterity (-4).
   rC:        It protects you from cold.
   rElec:     It insulates you from electricity.
 C - a +3 scythe of flaming
Armour
 c - a +0 pair of gloves (worn)
 d - a +2 ring mail of positive energy (worn)
 n - a +0 buckler (worn)
 o - a +0 cloak (worn)
 s - a +0 helmet (worn)
 G - +0 acid dragon scales
Jewellery
 m - a ring of see invisible (left hand)
 q - a ring of poison resistance (right hand)
 v - a ring of willpower
 w - a ring of magical power
Wands
 y - a wand of mindburst (13)
 F - a wand of digging (1)
Scrolls
 h - 3 scrolls of enchant weapon
 k - a scroll of amnesia
 t - a scroll of teleportation
 A - a scroll of immolation
 D - 3 scrolls of noise
 E - a scroll of poison
 H - a scroll of silence {unknown}
Potions
 a - 4 potions of heal wounds {unknown}
 b - 2 potions of attraction {unknown}
 e - a potion of haste {unknown}
 f - 2 potions of degeneration {unknown}
 g - a potion of might
 i - 5 potions of curing
 j - 2 potions of ambrosia {unknown}
 u - 3 potions of cancellation {unknown}
 x - a potion of flight {unknown}
 z - 2 potions of mutation {unknown}
 B - 2 potions of brilliance {unknown}


   Skills:
 + Level 5.1 Fighting
 + Level 8.0 Short Blades
 + Level 4.4 Long Blades
 + Level 4.4 Axes
 + Level 4.4 Maces & Flails
 + Level 5.1 Polearms
 + Level 4.4 Staves
 + Level 4.4 Ranged Weapons
 + Level 4.4 Throwing
 + Level 6.4 Armour
 + Level 8.0 Dodging
 + Level 4.4 Stealth
 + Level 4.4 Shields
 + Level 4.4 Unarmed Combat
 + Level 4.4 Spellcasting
 + Level 3.6 Conjurations
 + Level 3.6 Hexes
 + Level 3.6 Summonings
 + Level 3.6 Necromancy
 + Level 3.6 Translocations
 + Level 3.6 Transmutations
 + Level 3.6 Fire Magic
 + Level 3.6 Ice Magic
 + Level 3.6 Air Magic
 + Level 3.6 Earth Magic
 + Level 3.6 Poison Magic
 + Level 4.8 Invocations
 + Level 4.4 Evocations


You had 16 spell levels left.
You didn't know any spells.
Your spell library contained the following spells:

 Spells                   Type           Power      Damage    Failure   Level
 Kiss of Death            Conj/Necr      48%        2d9       11%         1
 Slow                     Hex            48%        N/A       11%         1
 Confusing Touch          Hex            12%        N/A       30%         3
 Vampiric Draining        Necr           12%        2d6       30%         3
 Dispel Undead            Necr           12%        3d9       71%         4


Dungeon Overview and Level Annotations

Branches:
Dungeon (7/15)            Ossuary (visited)
 Temple: D:4-7

Altars:
Ru
Vehumet

Shops:
D:3 =   D:5 ((((*

Annotations:
D:7 Joseph, Prince Ribbit


Innate Abilities, Weirdness & Mutations

You have very sharp teeth.
Your uncanny sense of smell can sniff out nearby items.
Your experience applies equally to all skills.


Message History

Your Dodging skill increases to level 8!
You puncture Prince Ribbit! Your bite misses Prince Ribbit.
Prince Ribbit is moderately wounded.
Prince Ribbit blinks!
A shadow imp comes into view.
Joseph unwields a +0 sling.
Joseph wields a +3 quarterstaff.
Joseph drinks a potion.
Joseph goes berserk!
There is a stone staircase leading down, spattered with blood here.
Things that are here:
a +0 giant spiked club; an ogre corpse You puncture Joseph!
You bite Joseph.
Joseph is lightly wounded.
Joseph hits you with a +3 quarterstaff!
You puncture Joseph!
You feel better.
You bite Joseph.
Joseph is moderately wounded.
Joseph misses you.
You puncture Prince Ribbit!
Prince Ribbit is severely wounded.
A hornet comes into view.
Joseph hits you but does no damage. Prince Ribbit hits you!
Joseph attacks as you move away! Joseph hits you with a +3 quarterstaff!
Prince Ribbit attacks as you move away!
Prince Ribbit hits you but does no damage.
Prince Ribbit says, "You're just another fly to me."
You hit Joseph.
You feel better.
You bite Joseph.
Joseph is moderately wounded.
Joseph hits you with a +3 quarterstaff!
You feel better. Joseph misses you. Joseph hits you with a +3 quarterstaff!
You hit Joseph.
You feel better.
Joseph is heavily wounded.
Joseph hits you with a +3 quarterstaff!!
* * * LOW HITPOINT WARNING * * *
Okay, then.
Okay, then.
There are monsters nearby!
Aiming: Mindburst
Press: ? - help, Shift-Dir - straight line, f - Joseph
Aim: Joseph, wielding a +3 quarterstaff and wearing a +0 leather armour of poison resistance (heavily wounded, berserk, chance to affect: 66%) Joseph's mind is blasted!!
Joseph hits you with a +3 quarterstaff!
You die...

..# #... ...####..
......... ......... #
........# .## ........#
.#... ......5F# ..... #
#... #@###..# #© #..##
#@#....##. #..
#...###.........
#...#####......#.......#
#......................#
#................#..####
.......<........##.....
....######..............
..# #.....###...... #
##.....###......


You could see Joseph (berserk), Prince Ribbit and a shadow imp.

Vanquished Creatures
  Maggie (D:6)
  Sigmund (D:5)
  Duvessa (D:5)
  A water moccasin (D:5)
  An ice beast (D:6)
  A sky beast (D:6)
  An ogre (D:7)
  A centaur (D:7)
  A kobold brigand (D:6)
  3 scorpions
  4 wights (D:5)
  Dowan (D:5)
  An electric eel (D:6)
  A howler monkey (D:4)
  2 orc priests (D:5)
  Crazy Yiuf (D:5)
  2 jellies (D:2)
  3 hounds
  Jessica (D:2)
  Terence (D:3)
  A sleepcap (D:6)
  4 orc wizards
  8 mummies (Ossuary)
  8 gnolls
  An adder (D:2)
  2 shadow imps (D:5)
  2 ufetubi (D:5)
  A worm (D:3)
  5 dart slugs
  18 orcs
  16 endoplasms
  8 goblins
  5 hobgoblins
  5 jackals (D:1)
  A quokka (D:4)
  11 ball pythons
  8 bats
  3 frilled lizards
  2 gnoll zombies (Ossuary)
  2 hobgoblin zombies (Ossuary)
  13 kobolds
  A kobold zombie (Ossuary)
  3 orc zombies (Ossuary)
  7 rats
164 creatures vanquished.

Notes
Turn   | Place    | Note
-------+----------+-------------------------------------------
     0 | D:1      | zazu2006 the Gnoll Wanderer began the quest for the Orb.
     0 | D:1      | zazu2006 set off with the following items: a +2 short
                  | sword, a +0 spear, a +0 pair of gloves, a potion of berserk
                  | rage, a +0 leather armour.
     0 | D:1      | Reached XP level 1. HP: 17/17 MP: 1/1
    37 | D:1      | Found a faded altar of an unknown god.
    63 | D:1      | Reached XP level 2. HP: 23/23 MP: 2/2
   309 | D:1      | Reached XP level 3. HP: 28/28 MP: 3/3
   448 | D:1      | Reached skill level 1 in Invocations
   617 | D:2      | Noticed Jessica
   623 | D:2      | Killed Jessica
   624 | D:2      | Reached skill level 1 in Long Blades
   624 | D:2      | Reached skill level 1 in Axes
   624 | D:2      | Reached skill level 1 in Maces & Flails
   624 | D:2      | Reached skill level 1 in Staves
   624 | D:2      | Reached skill level 1 in Ranged Weapons
   624 | D:2      | Reached skill level 1 in Throwing
   624 | D:2      | Reached skill level 1 in Stealth
   624 | D:2      | Reached skill level 1 in Shields
   624 | D:2      | Reached skill level 1 in Unarmed Combat
   624 | D:2      | Reached skill level 1 in Spellcasting
   624 | D:2      | Reached skill level 1 in Evocations
   624 | D:2      | Reached XP level 4. HP: 12/34 MP: 5/5
   754 | D:2      | Identified the +1 trident of the Maze {venom, rElec rC+
                  | Dex-4}
   772 | D:2      | Noticed a scorpion
   789 | D:2      | Killed a scorpion
   790 | D:2      | Reached skill level 1 in Conjurations
   790 | D:2      | Reached skill level 1 in Hexes
   790 | D:2      | Reached skill level 1 in Summonings
   790 | D:2      | Reached skill level 1 in Necromancy
   790 | D:2      | Reached skill level 1 in Translocations
   790 | D:2      | Reached skill level 1 in Transmutations
   790 | D:2      | Reached skill level 1 in Fire Magic
   790 | D:2      | Reached skill level 1 in Ice Magic
   790 | D:2      | Reached skill level 1 in Air Magic
   790 | D:2      | Reached skill level 1 in Earth Magic
   790 | D:2      | Reached skill level 1 in Poison Magic
   790 | D:2      | Reached XP level 5. HP: 13/40 MP: 5/7
  1913 | D:3      | Reached XP level 6. HP: 42/47 MP: 8/8
  2189 | D:3      | Found a sacrificial altar of Ru.
  2388 | D:3      | Noticed Terence
  2413 | D:3      | Killed Terence
  2414 | D:3      | Reached skill level 5 in Armour
  2473 | D:3      | Identified the +6 short sword of the Puffball {vamp, Str+3}
  2566 | D:3      | Found Noicinn's Jewellery Shoppe.
  3667 | D:5      | Entered Level 5 of the Dungeon
  3689 | D:5      | Reached XP level 7. HP: 52/52 MP: 10/10
  3889 | D:5      | Noticed Sigmund
  3890 | D:5      | Found Feabuxtept's Weapon Emporium.
  3900 | D:5      | Killed Sigmund
  4134 | D:5      | Reached XP level 8. HP: 42/60 MP: 12/12
  4266 | D:5      | Found Pyqirof's Assorted Antiques.
  4672 | D:5      | Found Lemnapp's Antique Weapon Shoppe.
  4698 | D:5      | Found Nujor's Antique Weapon Shoppe.
  4947 | D:5      | Noticed Dowan
  4948 | D:5      | Found Zeecou's Antique Weapon Boutique.
  4950 | D:5      | Noticed Duvessa
  4980 | D:5      | Killed Duvessa
  4984 | D:5      | Killed Dowan
  5218 | D:5      | Found a runed translucent door.
  5219 | D:5      | Noticed Crazy Yiuf
  5226 | D:5      | Killed Crazy Yiuf
  5394 | D:6      | Noticed Maggie
  5491 | D:6      | Found a sand-covered staircase.
  5498 | Ossuary  | Entered an ossuary
  5831 | D:6      | Reached XP level 9. HP: 66/66 MP: 14/14
  5904 | D:6      | Killed Maggie
  5905 | D:6      | Reached skill level 5 in Fighting
  5905 | D:6      | Reached skill level 5 in Polearms
  6127 | D:6      | Found a radiant altar of Vehumet.
  6312 | D:7      | Noticed Joseph
  6312 | D:7      | Noticed Prince Ribbit
  6324 | D:7      | Noticed a hornet
  6328 | D:7      | HP: 3/68 [Joseph/+3 quarterstaff (25)]
  6329 | D:7      | Mangled by Joseph

Illustrated notes

Levels and vault maps discovered:
D:1:      dreamdust_arrival_sigmund_warning, layout_basic,
          ebering_ecumenical_altar_sacrificial
D:2:      cheibrodos_fertilizer, layout_loops_ring, minmay_misc_feat_tower,
          uniq_jessica
D:3:      layout_loops_corners, nicolae_ru_the_path_less_chosen, serial_bayou,
          serial_bayou_lagoon_a, serial_bayou_shore_a, serial_bayou_crossing,
          serial_bayou_pond_a, serial_shops, shop, uniq_terence
D:4:      layout_loops_ring, kennysheep_big_empty_room
D:5:      layout_loops_corners, serial_shops, nicolae_diamond_shop, shop, shop,
          nicolae_take_the_stairs, nicolae_square_shop, uniq_sigmund,
          uniq_duvessa, uniq_crazy_yiuf_cottage
D:6:      layout_gridville, general_overflow_altar, nicolae_ossuary_entry_ruins,
          kennysheep_small_spiral, minmay_statues_item, nrook_pool_corridor,
          chequers_serial_rivers_micro_a, uniq_maggie
D:7:      layout_rooms, grunt_temple_overflow_open,
          minmay_temple_entry_water_ring, gammafunk_ghost_arena,
          hangedman_abyss_or_decor_stagger, uniq_prince_ribbit1, uniq_joseph

Skill      XL: |  1  2  3  4  5  6  7  8  9 |
---------------+----------------------------+-----
Invocations    | 1 2 3 4 |  4.8
Long Blades    | 1 2 3 4 |  4.4
Axes           | 1 2 3 4 |  4.4
Maces & Flails | 1 2 3 4 |  4.4
Staves         | 1 2 3 4 |  4.4
Ranged Weapons | 1 2 3 4 |  4.4
Throwing       | 1 2 3 4 |  4.4
Stealth        | 1 2 3 4 |  4.4
Shields        | 1 2 3 4 |  4.4
Unarmed Combat | 1 2 3 4 |  4.4
Spellcasting   | 1 2 3 4 |  4.4
Evocations     | 1 2 3 4 |  4.4
Conjurations   | 1 2 3 |  3.6
Hexes          | 1 2 3 |  3.6
Summonings     | 1 2 3 |  3.6
Necromancy     | 1 2 3 |  3.6
Translocations | 1 2 3 |  3.6
Transmutations | 1 2 3 |  3.6
Fire Magic     | 1 2 3 |  3.6
Ice Magic      | 1 2 3 |  3.6
Air Magic      | 1 2 3 |  3.6
Earth Magic    | 1 2 3 |  3.6
Poison Magic   | 1 2 3 |  3.6
Fighting       | 3 4 5 |  5.1
Polearms       | 3 4 5 |  5.1
Armour         | 5 6 |  6.4
Short Blades   | 7 8 |  8.0
Dodging        | 7 8 |  8.0

Action                     |  1- 3 |  4- 6 |  7- 9 || total
---------------------------+-------+-------+-------++-------
  Melee: Short sword       |   106 |   250 |   322 ||   678
         Bite              |    11 |    24 |    49 ||    84
  Throw: Boomerang         |     2 |    10 |       ||    12
  Evoke: Wand              |       |    18 |     8 ||    26
    Use: Scroll            |       |       |     9 ||     9
         Potion            |       |       |     5 ||     5
   Stab: Sleeping          |     1 |     5 |     2 ||     8
 Armour: Leather armour    |    18 |    50 |    12 ||    80
         Ring mail         |       |       |    47 ||    47
  Dodge: Dodged            |    75 |    85 |    91 ||   251
  Block: Buckler           |       |    18 |    37 ||    55
